 Dungeon Crawl Stone Soup version 0.29-a0-106-g0a07039d5a (webtiles) character file.

Game seed: 4917142093455328649

1568 kae the Ruffian (level 8, -5/66 HPs)
             Began as a Red Draconian Transmuter on Feb 16, 2022.
             Was an Initiate of Ru.
             Slain by an ice beast (10 damage)
             ... on level 6 of the Dungeon.
             The game lasted 00:05:26 (7792 turns).

kae the Ruffian (Red Draconian Transmuter)          Turns: 7792, Time: 00:05:27

Health: -5/66      AC:  2    Str: 12    XL:     8   Next: 59%
Magic:  11/13      EV: 20    Int: 17    God:    Ru [......]
Gold:   51         SH:  0    Dex: 16    Spells: 6/14 levels left

rFire   . . .      SeeInvis +     - Unarmed
rCold   . . .      Faith    .   (shield currently unavailable)
rNeg    + . .      Spirit   .   (armour unavailable)
rPois   x          Reflect  .   (helmet currently unavailable)
rElec   .          Harm     .   (cloak currently unavailable)
rCorr   .          Rampage  .   (gloves currently unavailable)
Will    .....                   (boots currently unavailable)
Stlth   +.........              (no amulet)
HPRegen 0.21/turn               a - ring of positive energy
MPRegen 0.13/turn               m - ring of see invisible

@: spider-form (expiring)
A: venomous fangs, (breathe fire), AC +6, tiny, unfitting armour, (fire
resistance 1), (cold-blooded)
a: End Transformation, Renounce Religion, Sacrifice Purity, Sacrifice Artifice,
Sacrifice an Eye, Reject Sacrifices


You were on level 6 of the Dungeon.
You worshipped Ru.
Ru was noncommittal.
You were a venomous arachnid creature.
You visited 1 branch of the dungeon, and saw 6 of its levels.
You also visited: Sewer.

You collected 247 gold pieces.
You spent 196 gold pieces at shops.

Inventory:

Missiles
 h - a throwing net
Jewellery
 a - a ring of positive energy (left front leg)
 m - a ring of see invisible (right front leg)
Wands
 g - a wand of flame (19)
Scrolls
 e - 3 scrolls of amnesia
 l - a scroll of summoning
 n - 2 scrolls of identify
 p - a scroll of fear {unknown}
 q - a scroll of silence {unknown}
Potions
 b - a potion of lignification
 c - 2 potions of ambrosia
 f - a potion of haste {unknown}
 i - 2 potions of cancellation {unknown}
 j - a potion of curing
 k - a potion of berserk rage
 o - a potion of mutation


   Skills:
 + Level 4.0 Fighting
 + Level 3.7 Dodging
 * Level 6.0 Unarmed Combat
 + Level 3.7 Spellcasting
 * Level 5.4 Transmutations
 * Level 3.3 Ice Magic
 - Level 2.0 Poison Magic


You had 6 spell levels left.
You knew the following spells:

 Your Spells              Type           Power      Damage    Failure   Level
a - Beastly Appendage     Tmut           42%        N/A       8%          1
b - Spider Form           Tmut/Pois      15%        N/A       26%         3
c - Ice Form              Ice/Tmut       18%        N/A       47%         4

Your spell library contained the following spells:

 Spells                   Type           Power      Damage    Failure   Level
 Wereblood                Tmut           21%        N/A       10%         2
 Ensorcelled Hibernation  Hex/Ice        16%        N/A       28%         2
 Apportation              Tloc           6%         N/A       34%         1
 Summon Small Mammal      Summ           12%        N/A       34%         1
 Call Canine Familiar     Summ           3%         N/A       65%         3
 Dazzling Flash           Conj/Hex       6%         N/A       65%         3
 Summon Guardian Golem    Hex/Summ       3%         N/A       65%         3
 Alistair's Intoxication  Tmut/Pois      10%        N/A       85%         5
 Anguish                  Hex/Necr       1%         N/A       95%         4
 Agony                    Necr           3%         N/A       100%        5
 Silence                  Hex/Air        1%         N/A       100%        5


Dungeon Overview and Level Annotations

Branches:
Dungeon (6/15)             Temple (0/1) D:5           Sewer (visited)

Altars:
Dithmenos
Fedhas
Gozag
Makhleb
Okawaru
Ru
Yredelemnul

Shops:
D:4 ([**?

Annotations:
D:6 2 transporters, NigelTetley's ghost, novice FoFi


Innate Abilities, Weirdness & Mutations

You are a venomous arachnid creature.
You have poisonous fangs.
You are tiny and dextrous.
Your spellcasting is less reliable in this form.
Your armour is entirely melded.
You are incapable of wielding weapons or throwing items.
((You can breathe blasts of fire.))
((Your fiery red scales are hard. (AC +6)))
You cannot fit into any form of body armour.
((Your flesh is heat resistant. (rF+)))
((You are cold-blooded and may be slowed by cold attacks.))


Message History

You bite the ogre!
The ogre is almost dead.
The ogre hits you with a +0 giant spiked club!!
You are too injured to fight recklessly!
You are too injured to fight recklessly!
You are too injured to fight recklessly!
You are too injured to fight recklessly!
You hit the ogre.
You kill the ogre!
Your Fighting skill increases to level 4!
Your Unarmed Combat skill increases to level 6!
You hit the ice beast.
The ice beast is lightly wounded.
The ice beast misses you.
You bite the ice beast!
The ice beast is moderately wounded.
The ice beast closely misses you.
You hit the ice beast but do no damage.
The ice beast is moderately wounded.
The ice beast hits you. The ice beast freezes you!
* * * LOW HITPOINT WARNING * * *
You barely miss the ice beast.
The ice beast is moderately wounded.
Your transformation is almost over.
The ice beast barely misses you.
You hit the ice beast.
The ice beast is heavily wounded.
The ice beast hits you.
* * * LOW HITPOINT WARNING * * *
The ice beast freezes you.
* * * LOW HITPOINT WARNING * * *
You hit the ice beast but do no damage.
The ice beast is poisoned.
The ice beast is heavily wounded.
The ice beast completely misses you.
Unknown command.
Unknown command.
You feel better. The ice beast hits you.
* * * LOW HITPOINT WARNING * * *
The ice beast freezes you!
You die...

#..........##..
........... #.#
#......... ..# #........
#.+ #....... #.#
#......######.#####
..........#.....sY#
.................#......
...........####### ....#
...........##### ...?
.......<)........ #.#
.......†.#.#...## #
.........[.......
.......).........
........#########


You could see an ice beast (very poisoned).

Vanquished Creatures
  2 black bears
  A hornet zombie (D:5)
  A necrophage (D:5)
  4 ogres
  A kobold brigand (Sewer)
  A bullfrog (D:6)
  A wyvern skeleton (D:6)
  2 centaur zombies (D:5)
  3 hounds
  A jelly (D:5)
  An orc priest (D:5)
  3 bullfrog skeletons
  A centaur skeleton (D:5)
  An iguana (D:4)
  A scorpion zombie (D:3)
  2 orc wizards (D:5)
  Robin (D:2)
  5 adders
  2 gnolls (D:2)
  8 river rats
  2 shadow imps (D:6)
  A white imp (D:5)
  An ufetubus (D:4)
  A dart slug (D:1)
  7 orcs
  A bat (D:2)
  6 endoplasms
  5 giant cockroaches
  8 goblins
  11 hobgoblins
  A jackal (Sewer)
  15 kobolds
  4 quokkas
  11 ball pythons
  12 frilled lizards
  9 rats
137 creatures vanquished.

Vanquished Creatures (others)
  12 plants (Sewer)
12 creatures vanquished.

Grand Total: 149 creatures vanquished

Notes
Turn   | Place    | Note
-------+----------+-------------------------------------------
     0 | D:1      | kae the Draconian Transmuter began the quest for the Orb.
     0 | D:1      | Reached XP level 1. HP: 16/16 MP: 3/3
   138 | D:1      | Reached XP level 2. HP: 9/23 MP: 3/5
   988 | D:1      | Found a faded altar of an unknown god.
  1093 | D:2      | Found the +10 tower shield of Ignorance {rN+ Int-4}
  1440 | D:2      | Reached XP level 3. HP: 27/28 MP: 4/6
  1604 | D:2      | Learned a level 3 spell: Spider Form
  1864 | D:2      | Noticed Robin
  1873 | D:2      | Killed Robin
  1881 | D:2      | Reached XP level 4. HP: 26/36 MP: 5/7
  2534 | D:2      | Reached skill level 1 in Poison Magic
  3117 | D:3      | Reached XP level 5. HP: 20/41 MP: 8/8
  3458 | D:4      | Noticed an ogre
  3463 | D:4      | Killed an ogre
  3464 | D:4      | Reached skill level 4 in Unarmed Combat
  3528 | D:4      | Found an opulent altar of Gozag.
  3528 | D:4      | Found a blossoming altar of Fedhas.
  3589 | D:4      | Learned a level 4 spell: Ice Form
  3761 | D:4      | Found a burning altar of Makhleb.
  3818 | D:4      | Reached XP level 6. HP: 39/49 MP: 7/9
  3925 | D:4      | Found Vetsoume's Weapon Boutique.
  4127 | D:4      | Found Ketighia's Assorted Antiques.
  4132 | D:4      | Bought a scroll labelled JETARU OCSOROGIGG for 25 gold
                  | pieces
  4132 | D:4      | Bought a scroll of identify for 50 gold pieces
  4264 | D:4      | Found Butsis's Magic Scroll Shop.
  4276 | D:4      | Bought 2 scrolls of identify for 52 gold pieces
  4276 | D:4      | Bought a scroll of magic mapping for 45 gold pieces
  4447 | D:4      | Found Cutaf's Armour Shoppe.
  4795 | D:4      | Found Nanozym's Assorted Antiques.
  4802 | D:4      | Bought an inky potion for 24 gold pieces
  5193 | D:5      | Entered Level 5 of the Dungeon
  5244 | D:5      | Reached skill level 1 in Ice Magic
  5245 | D:5      | Found a sacrificial altar of Ru.
  5255 | D:5      | Became a worshipper of Ru the Awakened
  5341 | D:5      | Your scales start taking on a fiery red colour.
  5341 | D:5      | Reduced skill Ice Magic to level 1
  5341 | D:5      | Reached XP level 7. HP: 42/56 MP: 7/11
  5341 | D:5      | Gained mutation: Your flesh is heat resistant. (rF+) [Red
                  | Draconian growth]
  5351 | D:5      | Found a staircase to the Ecumenical Temple.
  5458 | D:5      | Reached skill level 5 in Unarmed Combat
  5484 | D:5      | Found a glowing drain.
  5488 | Sewer    | Entered a sewer
  6548 | D:5      | Found an iron altar of Okawaru.
  6864 | D:5      | Found a basalt altar of Yredelemnul.
  6970 | D:5      | Reached XP level 8. HP: 54/63 MP: 10/13
  7074 | D:5      | Found a shadowy altar of Dithmenos.
  7331 | D:6      | Noticed a two-headed ogre
  7331 | D:6      | Found a transporter.
  7404 | D:5      | Reached skill level 5 in Transmutations
  7682 | D:6      | Found a transporter.
  7682 | D:6      | Noticed NigelTetley's ghost (novice FoFi)
  7786 | D:6      | Reached skill level 6 in Unarmed Combat
  7790 | D:6      | HP: 1/66 [ice beast (6)]
  7792 | D:6      | Slain by an ice beast

Illustrated notes

Levels and vault maps discovered:
D:1:      lightli_arrival_quake, layout_loops_cross, basic_ecumenical_altar
D:2:      layout_loops_ring, uniq_robin
D:3:      layout_rooms, minmay_fractal_squares_diagonal_5
D:4:      nicolae_cairo_tiling_large, layout_layer_cave, lemuel_round_altar,
          gammafunk_temple_overflow_elements, serial_shops,
          nicolae_shop_competitors_out_of_business, nicolae_shop_statue_plus,
          nicolae_shop_hallway_plus, nicolae_shop_window_shopping,
          nicolae_take_the_stairs
D:5:      layout_basic, kennysheep_mini_moat, mainiacjoe_overflow_cross_hatched,
          old_standard_altar, grunt_dithmenos_smoke_and_mirrors,
          minmay_temple_entry_gardened_gates, serial_glass, glass_columns_a,
          glass_columns_a, gup_sewer_entry_spiral, nicolae_sextant
D:6:      layout_rooms, overflow_temple_1_default, gammafunk_ghost_arena,
          grunt_decor_arrowhead, minmay_unpleasant_kobolds

Skill      XL: |  1  2  3  4  5  6  7  8 |
---------------+-------------------------+-----
Dodging        | 2 3 |  3.7
Poison Magic   | 1 2 |  2.0
Transmutations | 3 4 5 |  5.4
Fighting       | 2 3 4 |  4.0
Unarmed Combat | 4 5 6 |  6.0
Ice Magic      | 1 2 3 |  3.3
Spellcasting   | 3 |  3.7

Action                   |  1- 3 |  4- 6 |  7- 9 || total
-------------------------+-------+-------+-------++-------
Melee: Unarmed           |   106 |   117 |   218 ||   441
       Kick              |    14 |    23 |     1 ||    38
       Tailslap          |    13 |     6 |     9 ||    28
       Headbutt          |     6 |    16 |     2 ||    24
       Punch             |     1 |     1 |     2 ||     4
 Cast: Beastly Appendage |    22 |    22 |     1 ||    45
       Spider Form       |     1 |     7 |    19 ||    27
       Ice Form          |       |       |     3 ||     3
 Abil: Breathe Fire      |       |       |     1 ||     1
  Use: Scroll            |     3 |    14 |     1 ||    18
       Potion            |       |     2 |     1 ||     3
 Stab: Sleeping          |     1 |       |       ||     1
Armor: Skin              |    31 |    34 |    39 ||   104
Dodge: Dodged            |    73 |    91 |   170 ||   334

Table legend: (Time is in decaauts)
 A = Elapsed time spent in this place.
 B = Non-inter-level travel time spent in this place.
 C = Inter-level travel time spent in this place.
 D = Time resting spent in this place.
 E = Time spent auto-exploring this place.
 F = Levels seen in this place.
 G = Mean time per level.
                   A        B        C        D        E       F      G
               +--------+--------+--------+--------+--------+-----+--------+
         Total |   7936 |   7674 |    262 |    890 |   5476 |   7 | 1133.7 |
       Dungeon |   6838 |   6576 |    262 |    890 |   4592 |   6 | 1139.7 |
         Sewer |   1097 |   1097 |      0 |      0 |    884 |   1 | 1097.0 |
               +--------+--------+--------+--------+--------+-----+--------+

Top non-repeatable levels by time:
     D:4: 1757 daAuts
     D:5: 1486 daAuts
     D:2: 1332 daAuts
     D:1: 1252 daAuts
   Sewer: 1097 daAuts
     D:3: 854 daAuts
     D:6: 156 daAuts
